 Dungeon Crawl Stone Soup version 0.31-b1-18-g61460d1e46 (webtiles) character file.

Game seed: 16091936574866011861

231 Arctor the Vexing (level 6, 0/47 HPs)
             Began as a Gnoll Hexslinger on Jan 17, 2024.
             Was an Initiate of Makhleb.
             Succumbed to an adder's poison
             ... on level 3 of the Dungeon.
             The game lasted 00:02:57 (1955 turns).

Arctor the Vexing (Gnoll Hexslinger)                Turns: 1955, Time: 00:02:58

Health: 0/47       AC:  2    Str:  7    XL:     6   Next: 3%
Magic:  20/20      EV: 14    Int: 12    God:    Makhleb [......]
Gold:   93         SH:  0    Dex: 17    Spells: 9/11 levels left

rFire   . . .        a - +1 sling
rCold   . . .        (no shield)
rNeg    . . .        c - +0 robe
rPois   .            (no helmet)
rElec   .            (no cloak)
rCorr   .            (no gloves)
SInv    .            (no boots)
Will    .....        (no amulet)
Stlth   ++           j - ring of magical power
HPRegen 0.27/turn    (no ring)
MPRegen 0.17/turn

%: no passive effects
@: lethally poisoned (0 -> -2), weak-willed, hasted, very quick
A: fangs 1, strong nose, distributed training
a: Renounce Religion


You were on level 3 of the Dungeon.
You worshipped Makhleb.
Makhleb was noncommittal.
You visited 1 branch of the dungeon, and saw 3 of its levels.

You collected 93 gold pieces.

Inventory:

Hand Weapons
 a - a +1 sling (weapon)
 i - a +1 dagger of electrocution
Armour
 c - a +0 robe (worn)
Jewellery
 j - a ring of magical power (left hand)
Scrolls
 b - a scroll of poison
 f - a scroll of identify
 g - 2 scrolls of immolation
 h - 3 scrolls of fear
 k - a scroll of enchant armour
 l - 3 scrolls of teleportation
 n - 3 scrolls of blinking {unknown}
Potions
 e - a potion of brilliance {unknown}
 m - a potion of magic {unknown}
 o - a potion of degeneration {unknown}
 p - a potion of might {unknown}
 q - 2 potions of mutation {unknown}
 r - a potion of attraction {unknown}


   Skills:
 + Level 3.1 Fighting
 + Level 1.8 Short Blades
 + Level 1.8 Long Blades
 + Level 1.8 Axes
 + Level 1.8 Maces & Flails
 + Level 1.8 Polearms
 + Level 1.8 Staves
 + Level 4.9 Ranged Weapons
 + Level 1.8 Throwing
 + Level 1.8 Armour
 + Level 4.9 Dodging
 + Level 1.8 Stealth
 + Level 1.8 Shields
 + Level 1.8 Unarmed Combat
 + Level 3.3 Spellcasting
 + Level 1.4 Conjurations
 + Level 5.6 Hexes
 + Level 1.4 Summonings
 + Level 1.4 Necromancy
 + Level 1.4 Translocations
 + Level 2.5 Fire Magic
 + Level 1.4 Ice Magic
 + Level 1.4 Air Magic
 + Level 1.4 Earth Magic
 + Level 1.4 Alchemy
 + Level 2.0 Invocations
 + Level 1.8 Evocations
 + Level 1.6 Shapeshifting


You had 9 spell levels left.
You knew the following spells:

 Your Spells              Type           Power      Damage    Failure   Level
a - Jinxbite              Hex            30%        N/A       3%          2

Your spell library contained the following spells:

 Spells                   Type           Power      Damage    Failure   Level
 Sigil of Binding         Hex            15%        N/A       7%          3
 Inner Flame              Hex/Fire       11%        N/A       13%         3
 Cause Fear               Hex            7%         N/A       24%         4
 Dimensional Bullseye     Hex/Tloc       5%         N/A       50%         4


Dungeon Overview and Level Annotations

Branches:
Dungeon (3/15)

Altars:
Makhleb
Nemelex Xobeh
Okawaru
Trog
The Shining One

Annotations:
D:3 Sigmund


Innate Abilities, Weirdness & Mutations

You have very sharp teeth.
Your uncanny sense of smell can sniff out nearby items.
Your experience applies equally to all skills.


Message History

The adder poisons you! The adder completely misses you.
Sigmund hits you from afar with a +0 scythe!
You feel sick. The adder barely misses you.
Your magical contamination has completely faded away.
You feel sick.
Sigmund points at you and mumbles some strange words.
The puff of flame hits you! The adder barely misses you.
You feel sick.
You feel sick.
You feel sick. The adder attacks as it pursues you!
The adder completely misses you.
Sigmund mumbles some strange words.
Sigmund flickers and vanishes!
Deactivating autopickup; reactivate with Ctrl-A.
You bump into the rock wall.
You feel less confused.
You feel sick. The adder bites you.
* * * LOW HITPOINT WARNING * * *
You are more poisoned.
The adder poisons you! The adder misses you.
You feel sick.
The jinxing sprites lose interest in you.
You feel sick.
You feel sick. The adder bites you but does no damage.
You feel sick.
You feel sick.
You feel sick.
You are no longer poisoned.
The adder attacks as it pursues you! The adder misses you.
The adder closely misses you. The adder attacks as it pursues you!
The adder bites you.
* * * LOW HITPOINT WARNING * * *
You are lethally poisoned!
The adder poisons you!
* * * LOW HITPOINT WARNING * * *
You feel sick.
* * * LOW HITPOINT WARNING * * *
You feel sick. The adder barely misses you.
It was a potion of haste.
You feel yourself speed up.
You die...

###################
#......S@.........#
#.###############.#
#.# ###.####### #.#
#.......... #.#
#.......... #.#
#.......... #.#####
######+####...
#.....####
.............#
#.........
.............'


You could see an adder.

Vanquished Creatures
  A phantom (D:2)
  Natasha (twice) (D:2)
  3 adders (D:2)
  A ribbon worm (D:2)
  An orc (D:3)
  6 bats
  6 endoplasms
  A giant cockroach (D:1)
  7 goblins
  5 hobgoblins
  10 jackals
  3 quokkas (D:1)
  10 ball pythons
  3 frilled lizards
  8 kobolds
  2 rats (D:1)
69 creatures vanquished.

Notes
Turn   | Place    | Note
-------+----------+-------------------------------------------
     0 | D:1      | Arctor the Gnoll Hexslinger began the quest for the Orb.
     0 | D:1      | Reached XP level 1. HP: 17/17 MP: 4/4
   104 | D:1      | Reached XP level 2. HP: 23/23 MP: 5/5
   237 | D:1      | Learned a level 2 spell: Jinxbite
   305 | D:1      | Reached XP level 3. HP: 23/28 MP: 7/7
   712 | D:2      | Reached skill level 1 in Invocations
   813 | D:2      | Reached skill level 1 in Short Blades
   813 | D:2      | Reached skill level 1 in Long Blades
   813 | D:2      | Reached skill level 1 in Axes
   813 | D:2      | Reached skill level 1 in Maces & Flails
   813 | D:2      | Reached skill level 1 in Polearms
   813 | D:2      | Reached skill level 1 in Staves
   813 | D:2      | Reached skill level 1 in Throwing
   813 | D:2      | Reached skill level 1 in Armour
   813 | D:2      | Reached skill level 1 in Stealth
   813 | D:2      | Reached skill level 1 in Shields
   813 | D:2      | Reached skill level 1 in Unarmed Combat
   813 | D:2      | Reached skill level 1 in Evocations
   899 | D:2      | Reached skill level 1 in Shapeshifting
   899 | D:2      | Reached XP level 4. HP: 31/34 MP: 5/8
  1111 | D:2      | Reached skill level 1 in Conjurations
  1111 | D:2      | Reached skill level 1 in Summonings
  1111 | D:2      | Reached skill level 1 in Necromancy
  1111 | D:2      | Reached skill level 1 in Translocations
  1111 | D:2      | Reached skill level 1 in Ice Magic
  1111 | D:2      | Reached skill level 1 in Air Magic
  1111 | D:2      | Reached skill level 1 in Earth Magic
  1111 | D:2      | Reached skill level 1 in Alchemy
  1132 | D:2      | Noticed Natasha
  1136 | D:2      | Killed Natasha
  1305 | D:2      | Noticed Natasha
  1310 | D:2      | Killed Natasha
  1311 | D:2      | Reached XP level 5. HP: 33/40 MP: 6/9
  1385 | D:2      | Noticed a phantom
  1398 | D:2      | Killed a phantom
  1765 | D:3      | Found an iron altar of Okawaru.
  1772 | D:3      | Found a bloodstained altar of Trog.
  1775 | D:3      | Found a sparkling altar of Nemelex Xobeh.
  1775 | D:3      | Found a burning altar of Makhleb.
  1782 | D:3      | Found a glowing golden altar of the Shining One.
  1784 | D:3      | Became a worshipper of Makhleb the Destroyer
  1791 | D:3      | Reached XP level 6. HP: 47/47 MP: 11/11
  1919 | D:3      | Noticed Sigmund
  1953 | D:3      | HP: 2/47 [poisoned by an adder]
  1955 | D:3      | Succumbed to an adder's poison

Illustrated notes

Levels and vault maps discovered:
D:1:      tarquinn_simple_flora_water_b, layout_loops_ring, minmay_pentomino_o2
D:2:      layout_rooms, serial_bayou_pond_d, minmay_divided_ellipse,
          uniq_natasha
D:3:      layout_basic, nicolae_overflow_hallway_of_the_gods,
          basic_ecumenical_altar, uniq_crazy_yiuf_cottage, uniq_sigmund

Skill      XL: |  1  2  3  4  5 |
---------------+----------------+-----
Fire Magic     | 2 |  2.5
Invocations    | 1 2 |  2.0
Short Blades   | 1 |  1.8
Long Blades    | 1 |  1.8
Axes           | 1 |  1.8
Maces & Flails | 1 |  1.8
Polearms       | 1 |  1.8
Staves         | 1 |  1.8
Throwing       | 1 |  1.8
Armour         | 1 |  1.8
Stealth        | 1 |  1.8
Shields        | 1 |  1.8
Unarmed Combat | 1 |  1.8
Evocations     | 1 |  1.8
Spellcasting   | 3 |  3.3
Shapeshifting  | 1 |  1.6
Conjurations   | 1 |  1.4
Summonings     | 1 |  1.4
Necromancy     | 1 |  1.4
Translocations | 1 |  1.4
Ice Magic      | 1 |  1.4
Air Magic      | 1 |  1.4
Earth Magic    | 1 |  1.4
Alchemy        | 1 |  1.4
Fighting       | 3 |  3.1
Ranged Weapons | |  4.9
Dodging        | |  4.9
Hexes          | |  5.6

Action                     |  1- 3 |  4- 6 || total
---------------------------+-------+-------++-------
   Fire: Sling             |    98 |    80 ||   178
   Cast: Jinxbite          |     5 |    16 ||    21
    Use: Scroll            |       |     5 ||     5
         Potion            |       |     2 ||     2
 Armour: Robe              |    25 |    28 ||    53
  Dodge: Dodged            |    38 |    40 ||    78
